[Event "European Women-ch 2023"]
[Site "Petrovac"]
[Date "2023.03.27"]
[Round "9.17"]
[White "Hapala, Elisabeth"]
[Black "Bakalarz, Grazyna"]
[Result "1/2-1/2"]
[ECO "C42"]
[WhiteElo "2072"]
[BlackElo "1847"]
[Annotator "TA"]
[PlyCount "80"]
[EventDate "2023.03.15"]
[EventType "swiss"]
[EventCountry "MNE"]
[SourceTitle "playchess.com"]
[Source "ChessBase"]
[SourceQuality "1"]
[TimeControl "40/5400+30:1800+30"]

1. e4 e5 2. Nf3 Nf6 3. Nxe5 d6 4. Nf3 Nxe4 5. d4 d5 6. Bd3 Bf5 7. O-O Be7 8. Re1 O-O 9. c4 {[%emt 0:00:56] 9.c4 was played by the boomers.} Nc6 10. Nc3 {[%emt 0:19:26] C42: Petroff Defence: 3 Nxe5 and unusual White 3rd moves.} (10. cxd5 {is interesting.} Qxd5 11. Nc3 Nxc3 12. bxc3 Rfe8 13. Bf4) 10... Nxc3 11. bxc3 Bxd3 12. Qxd3 {[%emt 0:00:05] The position is equal.} dxc4 13. Qxc4 Na5 14. Qa4 b6 {[%emt 0:04:49] [#]} 15. Bf4 $146 ({Predecessor:} 15. c4 Bf6 16. Bd2 Bxd4 17. Rad1 c5 18. Bxa5 bxa5 19. Nxd4 cxd4 20. c5 Rc8 21. Rxd4 {1-0 Breyther,R (2358)-Labahn,W (2220) Wichern op 5th 1999 (9.34)}) 15... Bd6 16. Be5 (16. Bg5 $14 Qc8 17. c4) 16... Re8 17. Bxd6 cxd6 18. d5 Kf8 19. Qf4 (19. Re4 {simplifies} Rxe4 20. Qxe4 g6 21. Re1) 19... Qd7 20. Ng5 h6 21. Ne4 Nb7 22. Re3 {[%emt 0:05:49][%cal Oe4f6] [#] Strongly threatening Nf6!} Re5 23. Rae1 Qf5 24. Qxf5 Rxf5 25. c4 Rc8 26. Ng3 (26. Kf1 $11) 26... Re5 $1 $17 27. Rxe5 dxe5 28. Rxe5 Rxc4 {[%emt 0:00:10][%mdl 4096] Endgame KRN-KRN} 29. Kf1 Nd6 30. f3 Rd4 31. Nf5 $2 {[%emt 0:01:30] [#] This move loses the game for White.} (31. Ke1 $17 {might work better.}) 31... Nxf5 $19 32. Rxf5 {[%emt 0:00:01] KR-KR} f6 33. Ke2 Ke7 {[%emt 0:01:18] aiming for ...Ra4.} 34. d6+ {[%emt 0:01:01] Black is clearly better.} Kxd6 ({Stronger than} 34... Rxd6 35. Rf4 $17) 35. Rb5 Ra4 {[%emt 0:01:05] Repels a3} 36. Rb2 Ra3 37. Kd2 Kc5 38. Kc1 b5 39. Rc2+ (39. Re2 $142) 39... Kd6 40. Rd2+ Ke6 {[%emt 0:00:00] Weighted Error Value: White=0.25 (precise) /Black=0.15 (very precise)} 1/2-1/2

[Event "European Women-ch 2023"]
[Site "Petrovac"]
[Date "2023.03.27"]
[Round "9.18"]
[White "Gaboyan, Susanna"]
[Black "Garcia Martin, Marta"]
[Result "1-0"]
[ECO "A05"]
[WhiteElo "2160"]
[BlackElo "2306"]
[Annotator "TA"]
[PlyCount "79"]
[EventDate "2023.03.15"]
[EventType "swiss"]
[EventCountry "MNE"]
[SourceTitle "playchess.com"]
[Source "ChessBase"]
[SourceQuality "1"]
[TimeControl "40/5400+30:1800+30"]

1. Nf3 Nf6 2. g3 b6 3. Bg2 Bb7 4. O-O e6 5. d3 d5 6. Nbd2 Be7 7. Qe1 c5 8. e4 Nc6 9. Qe2 O-O 10. c3 b5 11. a3 {[%emt 0:03:09] A05: Réti Opening: 1 Nf3 Nf6.} a5 12. Re1 b4 13. axb4 {[%emt 0:00:55] The position is equal.} axb4 14. Rxa8 Qxa8 {[%emt 0:00:25] [#]} 15. e5 $146 ({Predecessor:} 15. Nf1 dxe4 16. dxe4 Nxe4 17. Qc2 Nf6 18. Ne3 Rd8 19. h4 h6 20. Nd2 Na5 21. cxb4 cxb4 22. Qc7 {0-1 Viikmaa,K (1720)-Froewis,A (2077) Online Olym Div2 B rapid 2021 (5.4)}) 15... Nd7 16. d4 (16. c4 $1 $15) 16... bxc3 (16... Qa2 $142 17. Nf1 Ba6) 17. bxc3 $17 cxd4 18. cxd4 Nb4 19. Nf1 Ba6 20. Qd1 Nd3 21. Re3 Rc8 22. Bd2 Qc6 23. Qa1 Bc4 24. Ne1 Ra8 $36 {[%emt 0:00:17][%cal Bc8a8,Ba8a1,Ba1b1][%mdl 2080] Black has good play.} 25. Qd1 Nb2 (25... Nxe1 {simplifies} 26. Bxe1 Qa4 27. Qxa4 Rxa4 28. Bc3 Nb8) 26. Qh5 (26. Qc1 $15 Na4 27. Rb3) 26... Ra1 {[%emt 0:00:33] Strongly threatening ...Nd1.} 27. Rf3 g6 28. Qh6 Nf8 (28... Be2 $17 29. Rc3 Nc4) 29. Nc2 Rb1 (29... Rxf1+ $2 30. Bxf1 Bxf1 31. Qf4 $18) 30. Qf4 (30. Nce3 $1 $11) 30... Qe8 {[%emt 0:00:03] White must now prevent ...Be2.} 31. h4 $2 (31. Qh6 $17 {was necessary.}) 31... h5 (31... Be2 $142 {And now ...Nc4 would win.} 32. Qe3 Qb5) 32. Na3 $19 Bxa3 (32... Rd1 $1 $17 {Threatens to win with ...Be2.} 33. Nxc4 Nxc4) 33. Rxa3 $15 Bxf1 34. Bxf1 Qb5 35. Bc1 Nc4 $2 {[%emt 0:01:39][%mdl 8192] [#]} (35... Qc6 $1 $15 {keeps the upper hand.} 36. Ra7 Nd7) 36. Ra7 $1 $18 Nd7 $2 (36... Qe8 37. Bd3 Rb3) 37. Qh6 Qc6 {[%emt 0:00:27] [#] ...Ncb6 would be deadly.} 38. Bg5 $1 {[%emt 0:01:34][%cal Oa7d7] Rxd7! would kill now.} ({And not} 38. Bd3 Nd2 39. Qxd2 (39. Bxb1 $2 Qxc1+ 40. Kh2 Nf3+ {[%mdl 64] Discovered Attack} 41. Kg2 Ne1+ 42. Kg1 Qxh6 $19) 39... Qxc1+ 40. Qxc1 Rxc1+ 41. Kg2 Nb6 $11) 38... Nd2 39. Bxd2 Qc4 40. Ra8+ {[%emt 0:00:00] Weighted Error Value: White=0.53/Black=0.56} 1-0

[Event "European Women-ch 2023"]
[Site "Petrovac"]
[Date "2023.03.27"]
[Round "9.18"]
[White "Slaba, Andrea"]
[Black "Gamal, Alaa"]
[Result "1/2-1/2"]
[ECO "A39"]
[WhiteElo "2061"]
[BlackElo "1748"]
[Annotator "TA"]
[PlyCount "123"]
[EventDate "2023.03.15"]
[EventType "swiss"]
[EventCountry "MNE"]
[SourceTitle "playchess.com"]
[Source "ChessBase"]
[SourceQuality "1"]
[TimeControl "40/5400+30:1800+30"]

1. Nf3 c5 2. g3 g6 3. Bg2 Nf6 4. O-O Bg7 5. c4 Nc6 6. d4 cxd4 7. Nxd4 O-O 8. Nc3 Qb6 9. Nc2 $1 {[%emt 0:01:14] 9.Nc2 scores better than 9.Nb3.} d6 10. Ne3 Ne5 {[%emt 0:02:38] [#] A39: Symmetrical English vs ...g6: 4 Bg2 Bg7 5 Nf3 Nf6 6 0-0 0-0 7 d4.} 11. Ncd5 $146 ({Predecessor:} 11. b3 Be6 12. Bb2 Rac8 13. Rb1 Bh6 14. Ncd5 Bxd5 15. Nxd5 Nxd5 16. Qxd5 Nc6 17. Rfd1 Bg7 18. Bxg7 Kxg7 {1-0 Tsuboi,E (2267)-Schwertner,J (1773) Sao Paulo Freitas op 2nd 2016 (1)}) 11... Qd8 12. f4 ({White should play} 12. Nxf6+ $14 Bxf6 13. Rb1) 12... Nc6 (12... Nxd5 $15 13. Qxd5 Ng4) 13. Nxf6+ $14 Bxf6 14. Nd5 Bg7 15. Kh1 (15. e4 $5) 15... e6 16. Ne3 Qc7 17. Rb1 Rd8 18. b3 Qb6 19. Nc2 {[%emt 0:01:49] [#]} (19. Qd2 $14) 19... d5 $1 $15 {[%emt 0:05:32] Hoping for ...dxc4.} 20. cxd5 (20. Qd3 dxc4) 20... exd5 21. Bb2 (21. Ne3 $15) 21... d4 $1 $17 22. Na3 Qa6 23. Nc4 Be6 24. Rc1 Rac8 (24... Qxa2 $2 25. Ra1 $18) 25. a4 b5 26. axb5 Qxb5 27. Ba3 Bd5 (27... Qb8 $17) 28. Bxd5 $11 Qxd5+ 29. Kg1 Na5 30. Qd3 Nxc4 31. bxc4 (31. Rxc4 $11 Qe6 32. Bc5) 31... Qh5 (31... Qc6 $17) 32. Rf3 Rb8 (32... Re8 $142) 33. c5 Qd5 34. Qc4 (34. c6 $11 Rdc8 35. Rc5) 34... Qc6 $1 $15 35. f5 Bh6 ({Black should try} 35... gxf5 $15 36. Rcf1 (36. Rxf5 d3 $15) 36... Qe6) 36. fxg6 $1 $14 Qxg6 37. Rcf1 $36 {[%emt 0:00:53][%cal Rf3f7][%mdl 2048] Black is under pressure.} Be3+ $2 (37... Qe6 $1 $14 38. Qxe6 fxe6) 38. Kg2 $18 Rb7 39. Bc1 $2 (39. c6 $1 $18 Rc7 40. Rf6 Qe4+ 41. R1f3) 39... Re8 {[%emt 0:03:10] [#]} (39... Bxc1 $11 40. Qxc1 (40. c6 Rc7 $11) 40... Rc7) 40. Bxe3 $1 dxe3 41. Rf4 Qc6+ 42. Kg1 Re6 43. Qd4 Rbe7 44. Qd8+ Re8 45. Qg5+ Rg6 46. Qh5 {[%emt 0:02:37] Chess con chili.} ({Better is} 46. Qh4 Rg7 47. Rf5) 46... Re7 $16 47. Qf5 (47. Rf5 {looks sharper.} Qe4 48. R1f4 Qb1+ 49. Kg2) 47... Qe6 48. Rd1 (48. Qd3 $142) 48... Qxf5 49. Rxf5 {[%emt 0:00:01][%mdl 4096] Endgame KRR-KRR} Kg7 50. Kg2 Rc6 51. Kf3 Kg6 52. Rfd5 (52. Rdd5 $16) 52... Rf6+ $11 53. Kg4 Re4+ 54. Kh3 Rf2 {[%emt 0:00:13] [#]} (54... Ree6 $11 {keeps the balance.}) 55. Rd6+ (55. Rc1 $1 $16 Rf5 56. Rd7 Rh5+ 57. Kg2) 55... Kg5 (55... Kg7 $11) 56. c6 (56. Rc1 $14 {feels stronger.} Rxe2 57. Rd5+ f5 58. c6) 56... Rc4 {[%emt 0:02:25] The position is equal.} 57. R1d5+ f5 58. Re5 {[%emt 0:02:48] Strongly threatening Re7.} Rxe2 {[%emt 0:00:11] Threatens to win with ...Rcc2.} 59. Re7 {[%emt 0:00:34][%csl LRa7,LRh7] Threatening mate with Rg7+.} Rcc2 60. Rg7+ Kh5 61. Rxh7+ Kg5 62. Rg7+ {[%emt 0:00:29] White really could win this.   Weighted Error Value: White=0.24 (precise) /Black=0.29 (precise)} 1/2-1/2

[Event "European Women-ch 2023"]
[Site "Petrovac"]
[Date "2023.03.27"]
[Round "9.19"]
[White "Zimina, Olga"]
[Black "Ivekovic, Tihana"]
[Result "1-0"]
[ECO "C00"]
[WhiteElo "2295"]
[BlackElo "2132"]
[Annotator "TA"]
[PlyCount "131"]
[EventDate "2023.03.15"]
[EventType "swiss"]
[EventCountry "MNE"]
[SourceTitle "playchess.com"]
[Source "ChessBase"]
[SourceQuality "1"]
[TimeControl "40/5400+30:1800+30"]

1. Nf3 Nf6 2. g3 d5 3. Bg2 e6 4. O-O Be7 5. d3 O-O 6. Nbd2 c5 7. e4 Nc6 8. e5 Nd7 9. Re1 Qc7 10. Qe2 b5 11. Nf1 Bb7 12. h4 h6 {[%emt 0:02:24] C00: French: Unusual White 2nd moves.} 13. Bf4 Rfd8 {[%emt 0:01:50] [#]} (13... Rfb8 $15) 14. Ne3 $146 ({Predecessor:} 14. h5 d4 15. a4 a6 16. N1d2 Nb4 17. Ne4 Bxe4 18. dxe4 Nc6 19. axb5 axb5 20. Qxb5 {0-1 Dos Santos,W (2466)-Santos,E (2015) RPD Confinados do Caraibeiras op 1st 2020 (3)}) 14... Bf8 {[%emt 0:09:58] The position is equal.} ({Don't play} 14... Ndxe5 15. Nxe5 Nxe5 16. Ng4 $16) 15. Bh3 (15. Nxd5 $11 {keeps the balance.} exd5 16. e6) 15... Ne7 (15... Ndxe5 $2 16. Nxe5 Nxe5 17. Ng4 $18) (15... d4 $17 16. Ng4 Nb4) 16. h5 (16. c3 $1 $11) 16... d4 $17 17. Ng4 Nd5 {[%emt 0:00:17] Repels Nf6+} 18. Bd2 Rac8 19. Bg2 N7b6 20. Ba5 Ne7 21. a4 a6 22. axb5 axb5 23. Nd2 Bxg2 24. Kxg2 Qb7+ 25. Ne4 {[%emt 0:00:44] Active counter play!} Ned5 (25... Qc6 {looks sharper.} 26. Qf3 Rc7 27. Rec1 Rb8) 26. c3 Rd7 27. Qf3 c4 (27... Be7 $15) 28. cxd4 $11 cxd3 29. Bxb6 ({Of course not} 29. Qxd3 Bb4 $15) 29... Qxb6 30. Qxd3 Rdc7 (30... Rc4 $11 {was preferrable.}) 31. Re2 Rc4 32. Rd1 Qc6 33. Kh2 (33. Qf3 {is interesting.} Rb4 34. Rd3 Ra4 35. Ne3) 33... Bb4 34. Ne3 Nxe3 35. Qxe3 Qd5 36. g4 {[%emt 0:01:20] Black must now prevent g5.} Rd8 37. Nc3 (37. g5 $14 Rxd4 38. Qg3 hxg5 39. Rxd4 Qxd4 40. Qxg5) 37... Bxc3 $1 38. bxc3 {[%emt 0:00:01] Threatening g5.} b4 (38... Ra8 $1 $11 {feels stronger.}) 39. cxb4 $14 Rxb4 40. Red2 $1 Rb3 41. Rd3 Rb2 42. Kg3 Qa2 (42... Qb7 $14) 43. Ra3 (43. g5 $1 $18 Kh7 44. Qf4) 43... Qc4 44. Qd3 (44. Qc3 {is more complex.} Qe2 45. Qf3 Qc4 46. Rc3) 44... Qb4 45. Qc3 Qb6 46. Qe3 Qb5 47. Qf3 Qb6 48. Ra8 Rxa8 (48... Rb4 $14) 49. Qxa8+ {[%emt 0:01:02][%mdl 4096] Endgame KQR-KQR} Qb8 (49... Kh7 $16) 50. Ra1 $18 Qxa8 51. Rxa8+ {[%emt 0:00:03] KR-KR} Kh7 52. Rf8 Rb7 53. f4 $1 {[%emt 0:09:23] f5 would be deadly.} Rd7 (53... g6 $142 54. hxg6+ Kxg6) 54. f5 $2 (54. Kf3 $1 $18 {is the precise move to win.}) 54... exf5 $2 (54... Rxd4 $16 55. Rxf7 exf5) 55. gxf5 Rxd4 {[%emt 0:00:05] [#]} 56. Rxf7 $2 (56. Kf3 $1 $18) 56... Kg8 $16 57. e6 {[%emt 0:15:46] Intending Rd7 and mate.} Re4 58. Kf3 Re1 59. Kf4 Rf1+ $2 (59... Re2 $16 60. Rc7 Kf8 61. Rf7+ Kg8) 60. Ke5 {[%emt 0:00:09] White mates.} Ra1 61. Rc7 Kf8 62. Kd6 Rd1+ {[%emt 0:00:30] [#]} 63. Kc6 $1 Rc1+ 64. Kd7 Rd1+ 65. Kc8 Rf1 66. Kd8 {[%emt 0:00:19] Weighted Error Value: White=0.18 (very precise) /Black=0.37} 1-0

[Event "European Women-ch 2023"]
[Site "Petrovac"]
[Date "2023.03.27"]
[Round "9.19"]
[White "Bassari, Senem Gul"]
[Black "Kostina, Veronika"]
[Result "0-1"]
[ECO "B47"]
[WhiteElo "1524"]
[BlackElo "1855"]
[Annotator "NA RC COMBH"]
[PlyCount "108"]
[EventDate "2023.03.15"]
[EventType "swiss"]
[EventCountry "MNE"]
[SourceTitle "playchess.com"]
[Source "ChessBase"]
[SourceQuality "1"]
[TimeControl "40/5400+30:1800+30"]

1. e4 c5 2. Nf3 e6 3. d4 cxd4 4. Nxd4 Nc6 5. Nc3 Qc7 6. g3 a6 7. Bg2 d6 8. O-O Bd7 9. Be3 Be7 10. Qd2 Nf6 11. Rad1 O-O 12. Nb3 b5 13. Bf4 e5 14. Nd5 Nxd5 15. exd5 exf4 16. dxc6 Bxc6 17. Bxc6 Qxc6 18. Qxf4 Qxc2 19. Rd2 Qg6 20. h4 Rfe8 21. Nd4 Bf8 22. Qf3 Rad8 23. h5 Qg5 24. Rfd1 Re1+ 25. Kg2 Rxd1 26. Rxd1 d5 27. Nf5 g6 28. hxg6 hxg6 29. Nd4 Bg7 30. Nc6 Rd6 31. Nb4 Bxb2 32. Nxd5 Kg7 33. Ne3 Rxd1 34. Qxd1 Qe5 35. Qf3 a5 36. Qc6 Bd4 37. Nc2 Bc5 38. Qf3 b4 39. Qd3 Qf5 40. Qe2 a4 41. Qd2 b3 42. axb3 axb3 43. Na1 Qe4+ 44. f3 Qc4 45. g4 Ba3 46. Nxb3 Qxb3 47. Qd4+ Kh7 48. Qd8 Qb2+ 49. Kh3 Kg7 50. Qh4 Qf6 51. Qg3 Bd6 52. Qg2 Qf4 53. g5 Be5 54. Qg4 Qh2# 0-1

[Event "European Women-ch 2023"]
[Site "Petrovac"]
[Date "2023.03.27"]
[Round "9.20"]
[White "Hrescak, Ivana"]
[Black "Urh, Zala"]
[Result "0-1"]
[ECO "A29"]
[WhiteElo "2127"]
[BlackElo "2294"]
[Annotator "TA"]
[PlyCount "82"]
[EventDate "2023.03.15"]
[EventType "swiss"]
[EventCountry "MNE"]
[SourceTitle "playchess.com"]
[Source "ChessBase"]
[SourceQuality "1"]
[TimeControl "40/5400+30:1800+30"]

1. c4 e5 2. g3 Nf6 3. Bg2 d5 4. cxd5 Nxd5 5. Nc3 Nb6 6. Nf3 Nc6 7. O-O Be7 8. b3 O-O 9. Bb2 Re8 {[%emt 0:02:55] A29: English Opening: Four Knights Variation with 4 g3.} 10. d3 Bf8 11. Rc1 a5 {[%emt 0:03:12] [#] The position is equal.} 12. Nb5 $146 ({Predecessor:} 12. a3 Nd4 13. Nd2 c6 14. e3 Ne6 15. Nc4 Nxc4 16. bxc4 a4 17. Rb1 Qa5 18. Ne4 Nc5 {1-0 Heberla,B (2565)-Kosakowski,J (2403) Bialystok Zamenhof Memorial 38th 2019 (7)}) 12... Bd7 13. a4 f6 14. Nd2 Be6 15. Nc4 (15. Rxc6 $1 $14 bxc6 16. Bxc6) 15... Nd5 16. d4 exd4 17. Nxd4 Nxd4 18. Qxd4 c6 19. Rfd1 Qe7 20. e4 Nb4 21. e5 fxe5 22. Qxe5 Qf7 23. Qd4 (23. Nxa5 $2 {is the wrong capture.} Bxb3 24. Nxb3 Rxe5 25. Bxe5 Qxb3 $19) 23... Bf5 24. Ne5 Qxb3 {[%emt 0:04:28] [#] Threatens to win with ...Rad8.} 25. Bf1 {[%emt 0:00:14] Hoping for Bc4+.} Be6 {[%emt 0:02:38] aiming for ...Red8.} 26. Nd7 Qd5 (26... Qxa4 $2 27. Nxf8 Re7 28. Nxe6 $18) 27. Qh4 (27. Qb6 $11 Qf3 28. Qxb7) 27... Qf5 $15 28. Bc4 Bxc4 (28... Bd5 {feels hotter.} 29. Nxf8 Rxf8 30. Qd4 Rf7) 29. Qxc4+ Nd5 30. Nxf8 Rxf8 31. Qd4 {[%emt 0:00:10][%csl Gb2][%cal Rd4g7] [#]} Rf7 32. Re1 Raf8 $36 {[%emt 0:09:32][%cal Rf5f2][%mdl 2048] Keeping White busy.} 33. Re2 Qg6 {[%emt 0:00:24] Strongly threatening ...Nf4.} 34. Kh1 Nf6 (34... Qh5 $17 35. Rce1 Qf3+ 36. Kg1 b5 37. axb5 cxb5) 35. Rce1 Ng4 36. f4 Qh5 (36... h5 {simplifies} 37. Qc5 Qf5 38. Qxf5 Rxf5 39. Rd1 R8f7) 37. Ba3 Nxh2 $1 {[%emt 0:02:13] ...Nf3+ is the strong threat.} 38. Rxh2 {[%emt 0:00:17] White does not recover from this.} (38. Qe5 $15 Qf3+ 39. Kxh2 Qxa3 40. Qxa5) 38... Qf3+ $19 39. Rg2 Qxa3 40. Qe4 Qb4 41. Qc2 $2 (41. Rge2) 41... Qxe1+ {[%emt 0:00:10] Weighted Error Value: White=0.38/Black=0.09 (flawless)} 0-1

[Event "European Women-ch 2023"]
[Site "Petrovac"]
[Date "2023.03.27"]
[Round "9.20"]
[White "Buchholz, Maja Patricia"]
[Black "Mashchenko, Tamila"]
[Result "0-1"]
[ECO "E69"]
[WhiteElo "1883"]
[BlackElo "1956"]
[Annotator "TA"]
[PlyCount "122"]
[EventDate "2023.03.15"]
[EventType "swiss"]
[EventCountry "MNE"]
[SourceTitle "playchess.com"]
[Source "ChessBase"]
[SourceQuality "1"]
[TimeControl "40/5400+30:1800+30"]

1. c4 Nf6 2. g3 g6 3. Bg2 Bg7 4. Nc3 O-O 5. d4 d6 6. Nf3 Nbd7 7. O-O e5 8. e4 exd4 9. Nxd4 c6 10. Re1 Re8 11. h3 a5 12. b3 Nc5 13. Bb2 Qb6 14. Rb1 {[%emt 0:03:49] E69: King's Indian: Fianchetto: 6...Nbd7 7 0-0 e5 8 e4 c6 9 h3.} h5 (14... Nfd7 $5) 15. Ba1 Nfd7 {[%emt 0:06:08] [#]} 16. Qd2 $146 {[%emt 0:14:18] White has an edge.} ({Predecessor:} 16. Nf3 Ne5 17. Nxe5 dxe5 18. Na4 Nxa4 19. bxa4 Qc7 20. Qb3 Bf8 21. Bc3 Bc5 22. Qb2 Qe7 {0-1 Nikolic,Z (2107)-Martic,I (2287) SRB-ch sf Paracin 2022 (4)}) 16... Ne5 17. Nc2 {[%emt 0:02:52] [#]} Bxh3 18. Na4 $16 Nxa4 (18... Qd8 $16) 19. Bxe5 (19. Bxh3 $2 Nf3+ 20. Kg2 Nxd2 $19) 19... Bxe5 20. bxa4 {[%emt 0:01:05][%mdl 64] Discovered Attack} Qc5 {[%emt 0:00:43] Hoping for ...Bxg2.} 21. Bxh3 Qxc4 (21... Bxg3 {was worth a try.} 22. Rxb7 Rab8) 22. Ne3 (22. Rxb7 $6 Rab8 23. Reb1 Rxb7 24. Rxb7 Qxe4) 22... Qxa4 23. Rxb7 Bd4 $2 (23... Rab8 24. Reb1 Rxb7 25. Rxb7 Qxe4) 24. Ng2 $2 (24. Nf5 {Strongly threatening Nh6+.} Ra7 25. Nh6+ (25. Qxd4 Qxd4 26. Nxd4 Rxb7 $11) (25. Nxd4 Rxb7 26. Bg2 c5 $11) 25... Kg7 26. Reb1 (26. Rxa7 Bxa7 27. Qg5 Qc2 $18)) 24... Rab8 25. Reb1 Rxb7 26. Rxb7 Be5 27. Bd7 Rf8 28. Qe2 Qd4 29. Kh2 c5 (29... d5 $142 30. Bxc6 Qxe4 31. Qxe4 dxe4 32. Bxe4 Rd8) 30. Bc6 $18 c4 31. Bd5 c3 $2 (31... Qd3 32. Bxc4 Qxe2 33. Bxe2 d5 34. exd5 Rb8) 32. Ne3 Kg7 33. Nc4 {[%emt 0:04:00] Repels Qd2} h4 34. Kg2 (34. Nxa5 $6 hxg3+ 35. Kg2 (35. fxg3 c2 $11) 35... gxf2 $16) 34... hxg3 {[%emt 0:04:05] Black is weak on the light squares} 35. fxg3 a4 36. Qc2 g5 $2 (36... Bf6 37. Nxd6 Qd2+ 38. Qxd2 cxd2) 37. Nxe5 (37. Qxa4 $2 {is the wrong capture.} Qd3 38. Nxe5 Qe2+ 39. Kg1 c2 $19) 37... Qxe5 (37... dxe5 {keeps fighting.} 38. Qe2 Kh6) 38. Rc7 g4 39. Rxc3 Qh5 $2 (39... Rb8 {was called for.} 40. Bc4 Re8) 40. Qxa4 Qh3+ 41. Kf2 Qh2+ 42. Ke1 Qg1+ 43. Kd2 Rh8 {[%emt 0:01:29] ( -> ...Rh2+)} 44. Kc2 $4 {[%emt 0:01:40][%mdl 8192] [#]} (44. Re3 $18 {was the only winning move.}) 44... Rh2+ $1 $19 {[%emt 0:00:43] White is on the road to losing.} 45. Kb3 {[%emt 0:00:33] [#]} Qb6+ 46. Kc4 $2 (46. Qb4 Rb2+ {[%mdl 64] Skewer, Deflection} 47. Kxb2 Qxb4+ 48. Kc2) 46... Rd2 47. Ra3 Qc5+ 48. Kb3 Qc2+ 49. Kb4 Rd4+ 50. Ka5 Rxa4+ 51. Rxa4 {[%emt 0:00:06][%mdl 4096] Endgame KQ-KRB} Qc3+ 52. Rb4 Qxg3 {[%emt 0:00:12] And now ...Qf2 would win.} 53. Rb3 Qe5 {[%emt 0:00:46] ...g3 is the strong threat.} 54. a4 g3 55. Rf3 g2 {[%emt 0:01:47] Black mates.} 56. Rxf7+ Kh6 57. Rc7 g1=Q 58. Ka6 Qb1 59. Rb7 Qd3+ 60. Rb5 Qed4 61. a5 Qc5 {[%emt 0:00:36] Artfully played by Mashchenko.   Weighted Error Value: White=1.03/Black=0.51} 0-1